 Dungeon Crawl Stone Soup version 0.17.1-2-g5865329 (webtiles) character file.

20 HEYYEYAAE the Ruffian (level 2, -1/16 HPs)
             Began as a Vine Stalker Chaos Knight on Jan 23, 2016.
             Slain by a worm (6 damage)
             ... on level 2 of the Dungeon.
             The game lasted 00:01:07 (685 turns).

HEYYEYAAE the Ruffian (Vine Stalker Chaos Knight)    Turns: 685, Time: 00:01:07

Health: -1/16      AC:  5    Str: 14    XL:     2   Next: 79%
Magic:  0/3        EV: 11    Int: 12    God:    Xom [..*...]
Gold:   52         SH:  0    Dex: 13    Spells: 0 memorised, 1 level left

rFire  . . .     SeeInvis .       - Unarmed
rCold  . . .     Clarity  .     a - +2 leather armour
rNeg   . . .     SustAt   .     (no shield)
rPois  .         Gourm    .     (no helmet)
rElec  .         Spirit   +     (no cloak)
rCorr  .         Warding  .     (no gloves)
rMut   .         Stasis   .     (no boots)
MR     .....                    (no amulet)
Stlth  +.........               (no ring)
                                (no ring)

@: not resistant to hostile enchantments, very unstealthy
A: fangs 2, regeneration 1, magic shield, antimagic bite, no device heal 3, rot
immunity
a: Renounce Religion


You were on level 2 of the Dungeon.
You worshipped Xom.
You were a toy of Xom.
You were not hungry.

You visited 1 branch of the dungeon, and saw 2 of its levels.

You collected 52 gold pieces.

Inventory:

Armour
 a - a +2 leather armour (worn)
Scrolls
 d - a scroll of magic mapping {unknown}
 g - a scroll of blinking
 k - a scroll of teleportation {unknown}
Potions
 c - 2 potions of brilliance {unknown}
 e - a potion of invisibility {unknown}
 f - a potion of curing {unknown}
 j - a potion of magic {unknown}
Books
 h - a book of Summonings

   Spells                             Type                      Level
   a - Recall                         Summoning/Translocation      3
   b - Aura of Abjuration             Summoning                    5
   c - Shadow Creatures               Summoning                    5
   d - Summon Demon                   Summoning                    5
   e - Summon Forest                  Summoning/Translocation      5
   f - Summon Mana Viper              Hexes/Summoning              5
Comestibles
 b - a bread ration
 i - 6 fruits


   Skills:
 * Level 2.9 Fighting
 + Level 1.9 Armour
 + Level 1.1 Dodging
 + Level 3.3 Unarmed Combat


You had one spell level left.
You didn't know any spells.

Dungeon Overview and Level Annotations

Branches:
Dungeon (2/15)

Altars:
Nemelex Xobeh


Innate Abilities, Weirdness & Mutations

You have extremely sharp teeth.
Your natural rate of healing is unusually fast.
When hurt, damage is shared between your health and your magic reserves.
Your bite disrupts and absorbs the magic of your enemies.
Potions and wands cannot restore your health.
You are immune to rotting.


Message History

The worm is lightly wounded.
You hit the worm.
The worm is lightly wounded.
The quokka bites you. The worm closely misses you.
You hit the worm.
The worm is lightly wounded.
The quokka bites you but does no damage.
You hit the worm.
The worm is moderately wounded.
The quokka bites you. The worm closely misses you.
You hit the worm. You bite the worm. You drain its power.
The worm is severely wounded.
The quokka bites you but does no damage.
You hit the worm.
The worm is severely wounded.
The quokka bites you. The worm bites you.
You barely miss the worm.
The worm is severely wounded.
The quokka closely misses you. The worm bites you!
You die...

#### #..
#.###############
####...............###
....((.)..........>..#
...(........######.#.#
#######.###.#..w@r...#
#.# #.#.####.###
#######.# #.# #...
........# #.# ###.#
......... ... ...
........# #.# ###
)....... #.# #######.
#.# #


You could see a worm and a quokka.

Vanquished Creatures
  2 giant geckos (D:2)
  3 goblins
  3 hobgoblins (D:1)
  2 bats (D:1)
  2 giant cockroaches
  2 giant newts
  2 kobolds (D:1)
16 creatures vanquished.

Vanquished Creatures (others)
  A goblin (D:1)
1 creature vanquished.

Grand Total: 17 creatures vanquished

Notes
Turn   | Place    | Note
--------------------------------------------------------------
     0 | D:1      | HEYYEYAAE the Vine Stalker Chaos Knight began the quest for the Orb.
     0 | D:1      | Reached XP level 1. HP: 11/11 MP: 2/2
   210 | D:1      | XOM: divination: detect creatures
   222 | D:1      | Reached XP level 2. HP: 8/16 MP: 1/3
   314 | D:1      | Found a sparkling altar of Nemelex Xobeh.
   516 | D:1      | Reached skill level 1 in Dodging
   547 | D:2      | XOM: smoke on damage
   595 | D:2      | XOM: cast spell 'Beastly Appendage'
   610 | D:2      | XOM: cast spell 'Blink'
   659 | D:2      | XOM: mild Necr miscast
   685 | D:2      | Slain by a worm

Action                   || total
-------------------------++-------
Melee: Dagger            ||    66
       Unarmed           ||    23
  Use: Scroll            ||     5
 Stab: Sleeping          ||     1
